 Dungeon Crawl Stone Soup version 0.23.0 (webtiles) character file.

Game seed: 11166340218078711904

117 Revguard the Chopper (level 5, -5/46 HPs)
             Began as a Hill Orc Monk on Feb 13, 2019.
             Slain by Crazy Yiuf
             ... wielding a +2 quarterstaff of chaos
              (19 damage)
             ... on level 2 of the Dungeon on Feb 14, 2019.
             The game lasted 00:07:55 (1600 turns).

Revguard the Chopper (Hill Orc Monk)                Turns: 1600, Time: 00:07:56

Health: -5/46      AC:  8    Str: 14    XL:     5   Next: 1%
Magic:  5/5        EV: 12    Int: 10    God:
Gold:   85         SH:  0    Dex: 16    Spells: 4/4 levels left

rFire    + . .     SeeInvis .   a - +0 hand axe
rCold    + . .     Gourm    .   (no shield)
rNeg     . . .     Faith    .   g - +0 ring mail
rPois    .         Spirit   .   d - +0 helmet
rElec    .         Reflect  .   (no cloak)
rCorr    .         Harm     .   (no gloves)
MR       .....                  (no boots)
Stlth    +.........             (no amulet)
HPRegen  0.15/turn              f - ring of protection from fire
MPRegen  0.09/turn              l - ring of protection from cold

@: lethally poisoned (-5 -> -16), lightly drained
A: molten scales 1, agile 1
a: no special abilities


You were on level 2 of the Dungeon.
You were hungry.

You visited 1 branch of the dungeon, and saw 2 of its levels.

You collected 85 gold pieces.

Inventory:

Hand Weapons
 a - a +0 hand axe (weapon)
Armour
 d - a +0 helmet (worn)
 g - a +0 ring mail (worn)
 h - a +0 leather armour
Jewellery
 f - a ring of protection from fire (left hand)
 l - a ring of protection from cold (right hand)
Scrolls
 b - 2 scrolls of remove curse
 i - a scroll of teleportation {unknown}
 j - a scroll of enchant weapon {unknown}
 k - 3 scrolls of fog {unknown}
 m - a scroll of fear {unknown}
Potions
 e - a potion of might {unknown}
Comestibles
 c - 3 rations


   Skills:
 + Level 4.2(3.9) Fighting
 + Level 5.6(5.3) Axes
 + Level 2.3(2.0) Armour
 + Level 2.8(2.6) Dodging
 - Level 1.5(1.3) Stealth


You had 4 spell levels left.
You didn't know any spells.
Your spell library was empty.

Dungeon Overview and Level Annotations

Branches:
Dungeon (2/15)

Altars:
Dithmenos
Kikubaaqudgha
Trog
Vehumet

Annotations:
D:2 Crazy Yiuf


Innate Abilities, Weirdness & Mutations

You are partially covered in molten scales. (AC +2)
You are agile. (Dex +2)


Message History

Crazy Yiuf is moderately wounded.
Crazy Yiuf says, "Crazy?
Crazy!?
PORCUPINE!"
Crazy Yiuf closely misses you.
You hit Crazy Yiuf but do no damage.
Crazy Yiuf is moderately wounded.
Crazy Yiuf hits you but does no damage.
You are electrocuted!
You hit Crazy Yiuf but do no damage.
Crazy Yiuf is moderately wounded.
Crazy Yiuf barely misses you.
You closely miss Crazy Yiuf.
Crazy Yiuf is moderately wounded.
Crazy Yiuf laughs, "Iron ragdoll turtle!"
Crazy Yiuf hits you with a +2 quarterstaff of chaos!
You are poisoned.
You hit Crazy Yiuf.
Crazy Yiuf is heavily wounded.
You feel sick.
Crazy Yiuf hits you with a +2 quarterstaff of chaos.
You are electrocuted!!
You die...

#..##.####....####...........
##.##...# #....# #..#........
####..#....# ♣....♣
#..#........ ...........#
♣...♣♣ #...........
...........# ♣♣.♣♣
#.#......... ...........#
♣.♣♣ #....÷.....#
....†...>..# ♣♣.♣
#.........## .........###
♣.♣♣ ###.#.....#. .........#
♣♣@♣ ##.......#. .........#
#g# ##........#. ######..##
... #..##.....## #......###
#...# #.####.>...# #.<......#
#..)# ### #...... #.(......#
##### ##..... #......###
#..... ######## ######


You could see Crazy Yiuf.

Vanquished Creatures
  3 gnolls (D:2)
  3 adders (D:2)
  An ooze (D:2)
  A worm (D:2)
  2 dart slugs
  5 leopard geckos
  7 bats
  3 giant cockroaches
  6 goblins
  6 hobgoblins
  A quokka (D:2)
  3 frilled lizards
  4 kobolds
  3 rats
48 creatures vanquished.

Notes
Turn   | Place    | Note
-------+----------+-------------------------------------------
     0 | D:1      | Revguard the Hill Orc Monk began the quest for the Orb.
     0 | D:1      | Reached XP level 1. HP: 19/19 MP: 1/1
   121 | D:1      | Reached XP level 2. HP: 11/27 MP: 2/2
   236 | D:1      | Reached skill level 1 in Armour
   236 | D:1      | Reached XP level 3. HP: 20/33 MP: 3/3
   601 | D:2      | Found a faded altar of an unknown god.
   601 | D:2      | Found a faded altar of an unknown god.
   606 | D:2      | Found an ancient bone altar of Kikubaaqudgha.
   608 | D:2      | Found a radiant altar of Vehumet.
   610 | D:2      | Found a bloodstained altar of Trog.
   658 | D:2      | Reached skill level 5 in Axes
   658 | D:2      | Reached XP level 4. HP: 31/40 MP: 4/4
   709 | D:2      | Gained mutation: You are partially covered in molten
                  | scales. (AC +2) [potion of mutation]
   709 | D:2      | Gained mutation: You are agile. (Dex +2) [potion of
                  | mutation]
   967 | D:2      | Found a runed translucent door.
   968 | D:2      | Noticed Crazy Yiuf
  1224 | D:2      | Reached XP level 5. HP: 18/46 MP: 5/5
  1410 | D:2      | Found a shadowy altar of Dithmenos.
  1600 | D:2      | Slain by Crazy Yiuf

Skill      XL: |  1  2  3  4 |
---------------+-------------+-----
Fighting       | 4 |  4.2
Armour         | 1 2 |  2.3
Axes           | 5 |  5.6
Dodging        | |  2.8
Stealth        | |  1.5

Action                   |  1- 3 |  4- 6 || total
-------------------------+-------+-------++-------
Melee: Hand axe          |   104 |    91 ||   195
  Use: Potion            |     2 |     3 ||     5
       Scroll            |       |     1 ||     1
 Stab: Sleeping          |     1 |       ||     1
  Eat: Chunk             |       |     2 ||     2
Armor: Ring mail         |    55 |    46 ||   101
       Robe              |     6 |       ||     6
Dodge: Dodged            |    74 |    70 ||   144
